 Dungeon Crawl Stone Soup version 0.31-a0-940-gdaa99269f9 (webtiles) character file.

Game seed: 14993500394875159955

157 avis the Ducker (level 5, 24/24 HPs)
             Began as a Felid Artificer on Oct 20, 2023.
             Was an Initiate of Gozag.
             Got out of the dungeon alive.
             The game lasted 00:17:31 (3447 turns).

avis the Ducker (Felid Artificer)                   Turns: 3447, Time: 00:17:31

Health: 24/24      AC:  1    Str: 10    XL:     5   Next: 15%
Magic:  6/6        EV: 19    Int: 13    God:    Gozag
Gold:   184        SH:  0    Dex: 16    Spells: 4/4 levels left
                                        Lives:  0   Deaths: 2

rFire   . .          .
                       - Unarmed
rCold   . . .        (shield unavailable)
rNeg    . . .        (body armour unavailable)
rPois   .            (helmet unavailable)
rElec   .            (cloak unavailable)
rCorr   .            (gloves unavailable)
SInv    +            (boots unavailable)
Will    .....        (no amulet)
Stlth   ++           (no ring)
HPRegen 0.24/turn    (no ring)
MPRegen 0.10/turn

%: no passive effects
@: quick
A: very small, claws 1, fangs 3, see invisible, speed 1, shaggy fur 1, stealthy
paws, no weapons or thrown items, no armour, multi-lived
a: Renounce Religion, Potion Petition, Call Merchant, Bribe Branch


You escaped.
You worshipped Gozag.
Gozag was aware of your devotion.
You visited 2 branches of the dungeon, and saw 6 of its levels.

You collected 239 gold pieces.
You paid 55 gold pieces to Gozag.

Inventory:

Wands
 a - a wand of flame (8) (quivered)
 b - a wand of charming (12)
 c - a wand of iceblast (1)
Scrolls
 d - 3 scrolls of identify {unknown}
 f - 2 scrolls of immolation {unknown}
 g - a scroll of blinking {unknown}
 l - a scroll of poison {unknown}
 n - a scroll of acquirement {unknown}
 p - a scroll of teleportation {unknown}
 q - a scroll of noise {unknown}
 r - a scroll of revelation {unknown}
Potions
 e - 2 potions of brilliance {unknown}
 h - 3 potions of degeneration {unknown}
 i - a potion of mutation {unknown}
 j - a potion of invisibility {unknown}
 k - a potion of resistance {unknown}
 m - 4 potions of curing {unknown}
 o - a potion of haste {unknown}


   Skills:
 - Level 3.0 Fighting
 * Level 5.4 Dodging
 - Level 1.3 Stealth
 - Level 1.0 Unarmed Combat
 - Level 4.0 Evocations


You had 4 spell levels left.
You didn't know any spells.
Your spell library was empty.

Dungeon Overview and Level Annotations

Branches:
Dungeon (5/15)             Temple (1/1) D:4

Altars:
Dithmenos
Elyvilon
Fedhas
Gozag
Kikubaaqudgha
Ru
Uskayaw
Vehumet
Wu Jian
Xom
Zin


Innate Abilities, Weirdness & Mutations

You have sharp claws.
You have razor-sharp teeth.
You have supernaturally acute eyesight. (SInv)
You cover ground quickly. (Speed+)
You are covered in fur. (AC +1)
Your paws help you pounce on unaware monsters.
You are incapable of wielding weapons or throwing items.
You cannot wear armour.
You gain extra lives every three experience levels.


Message History

The puff of flame misses the black bear.
The black bear bites you. The black bear completely misses you.
The black bear misses you.
You climb upwards.
There is a stone staircase leading down here.
You scratch the black bear.
The black bear is heavily wounded.
You scratch the black bear.
The black bear is heavily wounded.
The black bear bites you! The black bear completely misses you.
The black bear claws you.
You barely miss the black bear.
The black bear is heavily wounded.
The black bear closely misses you. The black bear claws you.
The black bear closely misses you.
The black bear attacks as it pursues you!
The black bear bites you.
* * * LOW HITPOINT WARNING * * *
The black bear completely misses you. The black bear closely misses you.
The black bear attacks as it pursues you!
The black bear bites you.
* * * LOW HITPOINT WARNING * * *
The black bear claws you.
You die...
The black bear misses you.
You rejoin the land of the living...
There is a stone staircase leading up here.
You climb upwards.
There is a stone staircase leading down here.
What level of the Dungeon? (default 4, ? - help)
There is a stone staircase leading up here.
You climb upwards.
There is a stone staircase leading down here.
There is a stone staircase leading up here.
You climb upwards.
There is a stone staircase leading down here.
You enter the shallow water.
Moving in this stuff is going to be slow.
There is a staircase leading out of the dungeon here.
You have escaped!

#.## #### #.#.# #.## #. .#.##
#.(### ###.## ###..# ## ###.#
#....####...####....# #
.#.#####.....#..~..#.....## ####
....)..#8..~....~....~.[8# #...
.########...~..~~~..~...######...
.# ##.....~~~~~~~.....##...... .#
#....~~~~...~~~~^.....#.... .#
#..~~~~~..@..~~~~~..#...... .##
#....~~~~...~~~~....####... #.#
##.....~~~~~~~.....## #...
.########...~..~~~..~...## ####
.......#8..~....~....~..8# #
.#######.....#..~..#.....########
.######....####...####...........
.........#######.#######..#######
.#######...........#.##..(..#


There were no monsters in sight!

Vanquished Creatures
  An ogre (D:4)
  An adder (D:2)
  A white imp (D:3)
  2 dart slugs (D:1)
  7 ball pythons
  2 endoplasms
  5 giant cockroaches
  5 goblins
  2 hobgoblins
  3 jackals (D:2)
  A quokka (D:3)
  7 bats
  A frilled lizard (D:3)
  10 kobolds
  2 rats (D:2)
50 creatures vanquished.

Notes
Turn   | Place    | Note
-------+----------+-------------------------------------------
     0 | D:1      | avis the Felid Artificer began the quest for the Orb.
     0 | D:1      | Reached XP level 1. HP: 9/9 MP: 2/2
   177 | D:1      | Reached XP level 2. HP: 8/12 MP: 3/3
   219 | D:1      | You fall into a shaft and drop 1 floor!
   345 | D:1      | Found a faded altar of an unknown god.
   945 | D:2      | Reached XP level 3. HP: 11/16 MP: 4/4
  1275 | D:2      | Reached skill level 4 in Dodging
  1412 | D:2      | Reached skill level 1 in Unarmed Combat
  1921 | D:3      | Found a shadowy altar of Dithmenos.
  2272 | D:3      | Reached XP level 4. HP: 14/19 MP: 5/5
  2509 | D:4      | Found a staircase to the Ecumenical Temple.
  2515 | Temple   | Entered the Ecumenical Temple
  2524 | Temple   | Became a worshipper of Gozag Ym Sagoz the Greedy
  2858 | D:4      | Noticed an ogre
  2861 | D:4      | Killed an ogre
  2862 | D:4      | Reached skill level 5 in Dodging
  2862 | D:4      | Reached XP level 5. HP: 24/24 MP: 6/6
  3031 | D:4      | Slain by an iguana
  3306 | D:5      | Entered Level 5 of the Dungeon
  3366 | D:5      | Noticed a black bear
  3379 | D:4      | Slain by a black bear
  3447 | D:$      | Got out of the dungeon alive.

Illustrated notes

Levels and vault maps discovered:
D:1:      eino_arrival_water_star, layout_loops_ring,
          shapermc_ecumenical_altar_ellora
D:2:      layout_basic
D:3:      layout_basic, nicolae_dithmenos_shadow_blocks, serial_corexii_hall,
          chequers_hall_statues_wall_a, corexii_hall_statues_l
D:4:      layout_basic, minmay_temple_entry_trees, serial_corexii_hall,
          chequers_hall_statues_wall_a, corexii_hall_statues_u,
          kennysheep_generic_room_15
D:5:      layout_gridville, hex_medium, uniq_edmund
Temple:   hellmonk_temple_flake

Skill      XL: |  1  2  3  4 |
---------------+-------------+-----
Evocations     | 4 |  4.0
Fighting       | 2 3 |  3.0
Dodging        | 4 5 |  5.4
Unarmed Combat | 1 |  1.0
Stealth        | |  1.3

Action                     |  1- 3 |  4- 6 || total
---------------------------+-------+-------++-------
  Melee: Unarmed           |   171 |    22 ||   193
         Bite              |    20 |     3 ||    23
         Punch             |     2 |     1 ||     3
  Evoke: Wand              |     4 |    10 ||    14
   Stab: Sleeping          |     3 |     3 ||     6
 Armour: Skin              |    58 |    14 ||    72
  Dodge: Dodged            |   146 |    18 ||   164

Table legend: (Time is in decaauts)
 A = Elapsed time spent in this place.
 B = Non-inter-level travel time spent in this place.
 C = Inter-level travel time spent in this place.
 D = Time resting spent in this place.
 E = Time spent auto-exploring this place.
 F = Levels seen in this place.
 G = Mean time per level.
                   A        B        C        D        E       F      G
               +--------+--------+--------+--------+--------+-----+--------+
         Total |   2893 |   2533 |    360 |    315 |   1487 |   6 |  482.2 |
       Dungeon |   2876 |   2521 |    355 |    315 |   1487 |   5 |  575.2 |
        Temple |     16 |     11 |      5 |      0 |      0 |   1 |   16.0 |
               +--------+--------+--------+--------+--------+-----+--------+

Top non-repeatable levels by time:
     D:2: 917 daAuts
     D:3: 707 daAuts
     D:1: 670 daAuts
     D:4: 562 daAuts
     D:5: 19 daAuts
  Temple: 16 daAuts
